Sewer Rats vs Sasquatch
Created - June 5, 2017 at 19:32
Goals
|
| Sewer Rats |
1 |
1 |
1 |
3 |
| Sasquatch |
2 |
0 |
2 |
4 |
|
Shots
|
| Sewer Rats |
20 |
11 |
6 |
37 |
| Sasquatch |
16 |
3 |
20 |
39 |
|
1st period
1. Sewer Rats , Kyle Quincey 1 (Steven Kampfer 2, Derek Dorsett 2) at 5:57
2. Sasquatch , Drew Shore 1 (Kris Russell 3, D.J King 2) at 15:37
3. Sasquatch , D.J King 3 (Lars Eller 6) at 15:54
Penalties :
Lars Eller (Gat) for Hooking (Minor) at 2:39
2nd period
4. Sewer Rats , Matt Lashoff 2 (Peter Mueller 6, Mattias Ekholm 5) at 19:13
Penalties :
Matt Lashoff (Tol) for Roughing (Double Minor) at 0:41, Mark Mancari (Tol) for Hooking (Minor) at 12:07
3rd period
5. Sasquatch , Ryan Strome 1 (Jason Zucker 2, Stephane Da Costa 7) at 4:29 (PP)
6. Sewer Rats , Zach Boychuk 7 (Mark Mancari 6) at 15:47
7. Sasquatch , Brock Trotter 4 (Drew Shore 5) at 16:00
Penalties :
Derek Dorsett (Tol) for Hooking (Minor) at 1:00, Patrick Bordeleau (Tol) for Hooking (Minor) at 3:53, Jonathan Blum (Gat) for Slashing (Minor) at 8:11
Goalie Stats
Richard Bachman (Tol), 35 saves from 39 shots - (0.897), L, 2-2-1, 59:59 minutes
Corey Crawford (Gat), 34 saves from 37 shots - (0.919), W, 3-3-0, 60:00 minutes
Players Stats for Sewer Rats
Player Name G A P +/- PIM S H SB GA TA FO MP PP MP PK MP
------------------------------------------------------------------------------------
Daniel Carr 0 0 0 0 0 0 0 0 1 0 0/0 8:29 0:00 2:18
Derek Dorsett 0 1 1 1 2 1 3 0 1 0 1/2 11:37 0:18 0:00
Dmitrij Jaskin 0 0 0 0 0 0 1 0 1 0 0/1 6:11 0:00 0:00
Jared Boll 0 0 0 0 0 3 2 0 0 0 0/0 14:17 1:46 0:00
Jarred Tinordi 0 0 0 -1 0 0 0 1 0 1 0/0 9:45 0:00 0:00
Joel Edmundson 0 0 0 -1 0 0 1 1 0 0 0/0 11:20 0:00 1:35
John Ramage 0 0 0 0 0 0 0 1 0 0 0/0 8:13 0:00 1:05
Kyle Quincey 1 0 1 2 0 1 0 1 1 0 0/0 17:45 1:33 2:40
Mark Mancari 0 1 1 -1 2 3 0 1 0 0 0/1 20:48 2:03 1:18
Matt Lashoff 1 0 1 -1 4 4 0 2 0 1 0/0 23:17 2:25 3:16
Mattias Ekholm 0 1 1 -1 0 1 1 3 0 2 0/0 25:05 2:25 5:05
Nick Cousins 0 0 0 0 0 3 0 0 0 0 1/1 6:11 0:00 0:00
Patrick Bordeleau 0 0 0 1 2 1 1 0 1 0 1/1 11:30 0:00 0:10
Peter Mueller 0 1 1 -1 0 4 0 0 0 0 15/33 23:58 2:12 4:21
Ryan Murphy 0 0 0 0 0 0 0 0 0 0 0/0 7:16 0:00 0:39
Steven Kampfer 0 1 1 2 0 2 1 2 0 0 0/0 17:20 1:33 2:46
Ville Leino 0 0 0 0 0 2 2 1 0 0 3/5 19:58 2:03 4:15
Vincent Trocheck 0 0 0 0 0 1 2 1 0 1 4/10 15:59 1:46 1:42
William Karlsson 0 0 0 1 0 2 0 0 0 0 2/7 11:27 0:00 0:08
Zach Boychuk 1 0 1 -1 0 9 4 2 1 1 0/3 20:57 1:46 2:54
Players Stats for Sasquatch
Player Name G A P +/- PIM S H SB GA TA FO MP PP MP PK MP
------------------------------------------------------------------------------------
Brock Trotter 1 0 1 2 0 1 0 0 0 0 0/0 12:14 1:01 0:40
D.J King 1 1 2 1 0 5 3 0 0 0 0/0 17:31 0:00 2:15
Danny DeKeiser 0 0 0 -1 0 3 0 3 0 1 0/0 26:19 5:10 1:49
Drew Shore 1 1 2 2 0 5 1 0 0 0 2/11 14:00 0:19 2:11
Garnet Hathaway 0 0 0 0 0 1 2 0 0 0 0/0 6:50 0:00 0:00
Jason Akeson 0 0 0 -3 0 3 2 0 1 0 0/0 19:46 4:00 0:00
Jason Zucker 0 1 1 0 0 1 0 0 0 1 0/0 10:15 3:32 0:15
Jonathan Blum 0 0 0 2 2 4 7 2 1 0 0/0 23:21 3:23 1:12
Kris Russell 0 1 1 1 0 1 1 1 0 2 0/0 25:04 3:23 1:30
Lars Eller 0 1 1 0 2 3 1 0 1 0 10/19 17:34 4:00 0:00
Linus Omark 0 0 0 -2 0 7 2 0 2 0 0/0 21:48 4:00 1:06
Michal Jordan 0 0 0 0 0 0 1 0 0 0 0/0 7:53 0:00 0:00
Ryan Strome 1 0 1 2 0 1 1 0 0 1 0/1 12:19 3:29 0:00
Sergey Kalinin 0 0 0 0 0 0 1 0 0 0 3/4 9:45 0:45 1:29
Slava Voynov 0 0 0 -1 0 0 0 0 0 0 0/0 11:00 0:00 0:57
Stephane Da Costa 0 1 1 -2 0 2 0 0 1 0 21/28 19:08 3:32 0:00
Tyler Randell 0 0 0 0 0 1 1 0 0 0 1/1 15:06 1:01 0:00
Yann Sauvé 0 0 0 -1 0 1 2 4 0 1 0/0 26:07 5:10 2:28
3 Stars
1 - D.J King (Gat)
2 - Drew Shore (Gat)
3 - Ryan Strome (Gat)
Power Play
Sewer Rats - 0 on 2 Attempt(s) - 0.00%
Sasquatch - 1 on 5 Attempt(s) - 20.00%
Penalty Kill
Sewer Rats - 4 on 5 Attempt(s) - 80.00%
- Score 0 goal in Penalty Kill
Sasquatch - 2 on 2 Attempt(s) - 100.00%
- Score 0 goal in Penalty Kill
Team Stat
Sewer Rats - Hits : 18 - Faceoff Wins : 27 - Blocked Shots : 16 - Penalty Minutes : 10
Sasquatch - Hits : 25 - Faceoff Wins : 37 - Blocked Shots : 10 - Penalty Minutes : 4
Official
Referees : StLaurent Francois and VanMassenhoven Don
Linesman : Scott Cherrey and Tim Nowak
Game Notes
No Game Note
Finance
Level 1 -- Attendance: 1652 (82.60%) -- Ticket Income $57,820
Level 2 -- Attendance: 882 (88.20%) -- Ticket Income $13,230
Total Attendance: 2534 (84.47%)
Total Ticket Income: $71,050
Other Income: $3,552
Total Income: $74,602
Sewer Rats
5 vs 5 Forward
Center Left Wing Right Wing Time % Phy DF OF
1 Peter Mueller Zach Boychuk Mark Mancari 40 1 2 2
2 Vincent Trocheck Ville Leino Jared Boll 30 1 2 2
3 William Karlsson Patrick Bordeleau Derek Dorsett 20 1 2 2
4 Nick Cousins Daniel Carr Dmitrij Jaskin 10 1 2 2
5 vs 5 Defense
Defense Defense Time % Phy DF OF
1 Matt Lashoff Mattias Ekholm 40 1 2 2
2 Kyle Quincey Steven Kampfer 30 1 2 2
3 Jarred Tinordi Joel Edmundson 20 1 2 2
4 John Ramage Ryan Murphy 10 1 2 2
PowerPlay Forward
Center Left Wing Right Wing Time % Phy DF OF
1 Peter Mueller Ville Leino Mark Mancari 60 1 2 2
2 Vincent Trocheck Zach Boychuk Jared Boll 40 1 2 2
PowerPlay Defense
Defense Defense Time % Phy DF OF
1 Matt Lashoff Mattias Ekholm 60 1 2 2
2 Kyle Quincey Steven Kampfer 40 1 2 2
Penalty Kill 4 Players Forward
Center Wing Time % Phy DF OF
1 Ville Leino Peter Mueller 60 1 2 2
2 Mark Mancari Zach Boychuk 40 1 2 2
Penalty Kill 4 Players Defense
Defense Defense Time % Phy DF OF
1 Matt Lashoff Mattias Ekholm 60 1 2 2
2 Kyle Quincey Steven Kampfer 40 1 2 2
Penalty Kill - 3 Players Forward
Forward Time % Phy DF OF
1 Ville Leino 60 1 2 2
2 Peter Mueller 40 1 2 2
Penalty Kill - 3 Players Defense
Defense Defense Time % Phy DF OF
1 Matt Lashoff Mattias Ekholm 60 1 2 2
2 Kyle Quincey Steven Kampfer 40 1 2 2
4 vs 4 Forward
Center Wing Time % Phy DF OF
1 Ville Leino Peter Mueller 60 1 2 2
2 Mark Mancari Zach Boychuk 40 1 2 2
4 vs 4 Defense
Defense Defense Time % Phy DF OF
1 Matt Lashoff Mattias Ekholm 60 1 2 2
2 Kyle Quincey Steven Kampfer 40 1 2 2
Last Minutes Offensive
Center Left Wing Right Wing Defense Defense
Peter Mueller Ville Leino Mark Mancari Matt Lashoff Mattias Ekholm
Last Minutes Defensive
Center Left Wing Right Wing Defense Defense
Peter Mueller Ville Leino Mark Mancari Matt Lashoff Mattias Ekholm
Goaltenders
Starting : Richard Bachman
Backup : Brad Thiessen
Extra Forwards
Normal : Derek Dorsett, Patrick Bordeleau, Daniel Carr - PP : Derek Dorsett, Patrick Bordeleau - PK : Daniel Carr
Extra Defensemen
Normal : Jarred Tinordi, Joel Edmundson, John Ramage - PP : Jarred Tinordi - PK : Joel Edmundson, John Ramage
Penalty Shots
Ville Leino, Peter Mueller, Mark Mancari, Zach Boychuk, Jared Boll
Scratches
Kyle Turris (Bruised Left Arm Injury), Jonathan Marchessault (Bruised Right Shoulder Injury), John Lammers (Healthy), Josh Archibald (Healthy), Xavier Ouellet (Healthy)
Jonathan Racine (Healthy), Vojtech Polak (Strained Left Knee Injury), Tom Sestito (Healthy)
Sasquatch
5 vs 5 Forward
Center Left Wing Right Wing Time % Phy DF OF
1 Stephane Da Costa Linus Omark Jason Akeson 40 1 2 2
2 Lars Eller D.J King Tyler Randell 30 1 2 2
3 Drew Shore Brock Trotter Ryan Strome 20 1 2 2
4 Sergey Kalinin Jason Zucker Garnet Hathaway 10 1 2 2
5 vs 5 Defense
Defense Defense Time % Phy DF OF
1 Yann Sauvé Danny DeKeiser 40 1 2 2
2 Kris Russell Jonathan Blum 30 1 2 2
3 Kris Russell Slava Voynov 20 1 2 2
4 Jonathan Blum Michal Jordan 10 1 2 2
PowerPlay Forward
Center Left Wing Right Wing Time % Phy DF OF
1 Lars Eller Linus Omark Jason Akeson 60 1 2 2
2 Stephane Da Costa Jason Zucker Ryan Strome 40 1 2 2
PowerPlay Defense
Defense Defense Time % Phy DF OF
1 Danny DeKeiser Yann Sauvé 60 1 2 2
2 Kris Russell Jonathan Blum 40 1 2 2
Penalty Kill 4 Players Forward
Center Wing Time % Phy DF OF
1 Drew Shore D.J King 60 1 2 2
2 Sergey Kalinin Linus Omark 40 1 2 2
Penalty Kill 4 Players Defense
Defense Defense Time % Phy DF OF
1 Yann Sauvé Jonathan Blum 60 1 2 2
2 Kris Russell Danny DeKeiser 40 1 2 2
Penalty Kill - 3 Players Forward
Forward Time % Phy DF OF
1 Drew Shore 60 1 2 2
2 Sergey Kalinin 40 1 2 2
Penalty Kill - 3 Players Defense
Defense Defense Time % Phy DF OF
1 Jonathan Blum Yann Sauvé 60 1 2 2
2 Danny DeKeiser Kris Russell 40 1 2 2
4 vs 4 Forward
Center Wing Time % Phy DF OF
1 Drew Shore D.J King 60 1 2 2
2 Stephane Da Costa Linus Omark 40 1 2 2
4 vs 4 Defense
Defense Defense Time % Phy DF OF
1 Kris Russell Yann Sauvé 60 1 2 2
2 Danny DeKeiser Jonathan Blum 40 1 2 2
Last Minutes Offensive
Center Left Wing Right Wing Defense Defense
Lars Eller Linus Omark Jason Akeson Kris Russell Jonathan Blum
Last Minutes Defensive
Center Left Wing Right Wing Defense Defense
Drew Shore Linus Omark D.J King Danny DeKeiser Jonathan Blum
Goaltenders
Starting : Corey Crawford
Backup : Martin Houle
Extra Forwards
Normal : Jason Zucker, Jason Akeson, Brock Trotter - PP : Sergey Kalinin, Linus Omark - PK : Brock Trotter
Extra Defensemen
Normal : Jonathan Blum, Kris Russell, Danny DeKeiser - PP : Kris Russell - PK : Slava Voynov, Danny DeKeiser
Penalty Shots
Linus Omark, Lars Eller, Jason Akeson, Ryan Strome, Jason Zucker
Scratches
Andy Andreoff (Healthy), Philip Varone (Healthy), James Wisniewski (Sprained Right Knee Injury), Nick Leddy (Suspend), Ty Rattie (Healthy)
Teemu Hartikainen (Healthy), Jack Campbell (Healthy)
% Time on Ice - Sewer Rats
Lines # - Real PCT - Wanted PCT - Time Play
Normal Forward
1 - 35% - 40% - 16:21
2 - 27% - 30% - 12:34
3 - 24% - 20% - 11:19
4 - 13% - 10% - 6:11
Normal Defense
1 - 37% - 40% - 17:02
2 - 28% - 30% - 13:01
3 - 21% - 20% - 9:45
4 - 14% - 10% - 6:37
PP Forward
1 - 55% - 60% - 2:12
2 - 45% - 40% - 1:46
PP Defense
1 - 61% - 60% - 2:25
2 - 39% - 40% - 1:33
PK Forward
1 - 76% - 60% - 6:29
2 - 24% - 40% - 2:04
PK Defense
1 - 68% - 60% - 5:47
2 - 32% - 40% - 2:46
PK3 Forward
1 - 0% - 60%
2 - 0% - 40%
PK3 Defense
1 - 0% - 60%
2 - 0% - 40%
44 Forward
1 - 0% - 60%
2 - 0% - 40%
44 Defense
1 - 0% - 60%
2 - 0% - 40%
Last Minute Offensive - 1:04
Last Minute Defensive - 0:00
Total
Forward - 60:00
Defense - 60:00
|
% Time on Ice - Sasquatch
Lines # - Real PCT - Wanted PCT - Time Play
Normal Forward
1 - 37% - 40% - 17:05
2 - 30% - 30% - 13:43
3 - 19% - 20% - 8:50
4 - 15% - 10% - 6:50
Normal Defense
1 - 40% - 40% - 18:47
2 - 25% - 30% - 11:44
3 - 20% - 20% - 9:08
4 - 15% - 10% - 6:49
PP Forward
1 - 59% - 60% - 5:01
2 - 41% - 40% - 3:32
PP Defense
1 - 60% - 60% - 5:10
2 - 40% - 40% - 3:23
PK Forward
1 - 72% - 60% - 2:52
2 - 28% - 40% - 1:06
PK Defense
1 - 62% - 60% - 2:28
2 - 38% - 40% - 1:30
PK3 Forward
1 - 0% - 60%
2 - 0% - 40%
PK3 Defense
1 - 0% - 60%
2 - 0% - 40%
44 Forward
1 - 0% - 60%
2 - 0% - 40%
44 Defense
1 - 0% - 60%
2 - 0% - 40%
Last Minute Offensive - 0:00
Last Minute Defensive - 1:01
Total
Forward - 60:00
Defense - 60:00
|
Play by Play
1st period
0:01 of 1st period - Peter Mueller wins face-off versus Stephane Da Costa in neutral zone.
0:11 of 1st period - Backhand shot by Peter Mueller.
0:11 of 1st period - Shot Misses the Net.
0:13 of 1st period - Snap shot by Peter Mueller.
0:13 of 1st period - Shot Blocked by Yann Sauvé.
0:15 of 1st period - Snap shot by Matt Lashoff.
0:15 of 1st period - Shot Blocked by Danny DeKeiser.
0:50 of 1st period - Snap shot by Derek Dorsett.
0:50 of 1st period - Stopped by Corey Crawford without a rebound.
0:51 of 1st period - William Karlsson wins face-off versus Drew Shore in Sasquatch zone.
1:06 of 1st period - Wrist shot by Derek Dorsett.
1:06 of 1st period - Shot Misses the Net.
1:18 of 1st period - Snap shot by Jason Zucker.
1:18 of 1st period - Shot Misses the Net.
1:26 of 1st period - Snap shot by Jason Zucker.
1:26 of 1st period - Shot Blocked by Joel Edmundson.
2:17 of 1st period - Icing by Lars Eller.
2:18 of 1st period - Derek Dorsett wins face-off versus Lars Eller in Sasquatch zone.
2:19 of 1st period - Slapshot by Steven Kampfer.
2:19 of 1st period - Shot Blocked by Yann Sauvé.
2:31 of 1st period - Snap shot by Peter Mueller.
2:31 of 1st period - Shot Misses the Net.
2:33 of 1st period - Wrist shot by Peter Mueller.
2:33 of 1st period - Deflect By Danny DeKeiser.
2:33 of 1st period - Stopped by Corey Crawford with a rebound.
2:39 of 1st period - Minor Penalty to Lars Eller for Hooking.
2:40 of 1st period - Peter Mueller wins face-off versus Drew Shore in Sasquatch zone.
2:49 of 1st period - Snap shot by Ville Leino.
2:49 of 1st period - Deflect By Mark Mancari.
2:49 of 1st period - Stopped by Corey Crawford with a rebound.
3:11 of 1st period - Snap shot by Zach Boychuk.
3:11 of 1st period - Stopped by Corey Crawford with a rebound.
3:13 of 1st period - Slapshot by Zach Boychuk.
3:13 of 1st period - Shot Misses the Net.
3:15 of 1st period - Wrist shot by Jared Boll.
3:15 of 1st period - Shot Blocked by Yann Sauvé.
3:17 of 1st period - Wrist shot by Jared Boll.
3:17 of 1st period - Deflect By Zach Boychuk.
3:17 of 1st period - Shot Misses the Net.
3:17 of 1st period - Puck is out of play.
3:18 of 1st period - Vincent Trocheck wins face-off versus Sergey Kalinin in Sasquatch zone.
3:19 of 1st period - Wrist shot by Zach Boychuk.
3:19 of 1st period - Stopped by Corey Crawford without a rebound.
3:20 of 1st period - Peter Mueller wins face-off versus Drew Shore in Sasquatch zone.
3:45 of 1st period - Matt Lashoff is hit by Kris Russell.
4:39 of 1st period - Penalty to Lars Eller is over, Lars Eller is back on ice.
5:14 of 1st period - Linus Omark is hit by Patrick Bordeleau and loses puck.
5:57 of 1st period - Snap shot by Kyle Quincey.
5:57 of 1st period - Goal by Kyle Quincey - Sewer Rats : 1 - Sasquatch : 0.
5:58 of 1st period - Stephane Da Costa wins face-off versus Zach Boychuk in neutral zone.
6:09 of 1st period - Wrist shot by Linus Omark.
6:09 of 1st period - Shot Misses the Net.
6:23 of 1st period - Vincent Trocheck is hit by D.J King and loses puck.
6:28 of 1st period - Snap shot by Lars Eller.
6:28 of 1st period - Stopped by Richard Bachman without a rebound.
6:29 of 1st period - Vincent Trocheck wins face-off versus Drew Shore in Sewer Rats zone.
6:29 of 1st period - Vincent Trocheck is hit by Drew Shore.
7:07 of 1st period - Snap shot by Zach Boychuk.
7:07 of 1st period - Stopped by Corey Crawford with a rebound.
7:17 of 1st period - Matt Lashoff is hit by Lars Eller and loses puck.
7:27 of 1st period - Off-side.
7:28 of 1st period - Peter Mueller wins face-off versus Ryan Strome in neutral zone.
7:33 of 1st period - Kris Russell is hit by Zach Boychuk and loses puck.
8:04 of 1st period - Off-side.
8:05 of 1st period - Peter Mueller wins face-off versus Lars Eller in neutral zone.
8:16 of 1st period - Backhand shot by D.J King.
8:16 of 1st period - Deflect By Tyler Randell.
8:16 of 1st period - Stopped by Richard Bachman with a rebound.
8:42 of 1st period - Snap shot by Mark Mancari.
8:42 of 1st period - Shot Misses the Net.
8:44 of 1st period - Slapshot by Zach Boychuk.
8:44 of 1st period - Stopped by Corey Crawford with a rebound.
8:48 of 1st period - Slapshot by Zach Boychuk.
8:48 of 1st period - Deflect By Peter Mueller.
8:48 of 1st period - Stopped by Corey Crawford without a rebound.
8:49 of 1st period - Stephane Da Costa wins face-off versus Vincent Trocheck in Sasquatch zone.
9:23 of 1st period - Snap shot by Derek Dorsett.
9:23 of 1st period - Shot Misses the Net.
9:25 of 1st period - Slapshot by Matt Lashoff.
9:25 of 1st period - Stopped by Corey Crawford without a rebound.
9:26 of 1st period - Sergey Kalinin wins face-off versus William Karlsson in Sasquatch zone.
10:23 of 1st period - Backhand shot by Peter Mueller.
10:23 of 1st period - Shot Blocked by Danny DeKeiser.
10:25 of 1st period - Slapshot by Matt Lashoff.
10:25 of 1st period - Stopped by Corey Crawford with a rebound.
10:35 of 1st period - Snap shot by Zach Boychuk.
10:35 of 1st period - Stopped by Corey Crawford with a rebound.
10:43 of 1st period - Zach Boychuk is hit by Yann Sauvé and loses puck.
10:48 of 1st period - Snap shot by Drew Shore.
10:48 of 1st period - Stopped by Richard Bachman without a rebound.
10:49 of 1st period - Stephane Da Costa wins face-off versus Vincent Trocheck in Sewer Rats zone.
10:56 of 1st period - Snap shot by Stephane Da Costa.
10:56 of 1st period - Shot Blocked by Mattias Ekholm.
10:58 of 1st period - Slapshot by Kris Russell.
10:58 of 1st period - Deflect By Stephane Da Costa.
10:58 of 1st period - Shot Misses the Net.
10:58 of 1st period - Puck is out of play.
10:59 of 1st period - Vincent Trocheck wins face-off versus Stephane Da Costa in Sewer Rats zone.
11:40 of 1st period - Snap shot by Jason Akeson.
11:40 of 1st period - Shot Misses the Net.
11:42 of 1st period - Wrist shot by Kris Russell.
11:42 of 1st period - Stopped by Richard Bachman with a rebound.
11:56 of 1st period - Slapshot by Jared Boll.
11:56 of 1st period - Stopped by Corey Crawford with a rebound.
12:06 of 1st period - Snap shot by Linus Omark.
12:06 of 1st period - Shot Misses the Net.
12:08 of 1st period - Snap shot by Jason Akeson.
12:08 of 1st period - Deflect By Stephane Da Costa.
12:08 of 1st period - Shot Misses the Net.
12:08 of 1st period - Puck is out of play.
12:09 of 1st period - Peter Mueller wins face-off versus Lars Eller in Sewer Rats zone.
12:34 of 1st period - Derek Dorsett is hit by Garnet Hathaway and loses puck.
12:41 of 1st period - Slapshot by Steven Kampfer.
12:41 of 1st period - Deflect By Danny DeKeiser.
12:41 of 1st period - Stopped by Corey Crawford without a rebound.
12:42 of 1st period - Peter Mueller wins face-off versus Drew Shore in Sasquatch zone.
12:45 of 1st period - Wrist shot by Zach Boychuk.
12:45 of 1st period - Stopped by Corey Crawford without a rebound.
12:46 of 1st period - Peter Mueller wins face-off versus Drew Shore in Sasquatch zone.
12:53 of 1st period - Wrist shot by Mark Mancari.
12:53 of 1st period - Stopped by Corey Crawford without a rebound.
12:54 of 1st period - Lars Eller wins face-off versus Peter Mueller in Sasquatch zone.
13:21 of 1st period - Patrick Bordeleau is hit by Jason Akeson.
13:25 of 1st period - Wrist shot by Stephane Da Costa.
13:25 of 1st period - Shot Blocked by Steven Kampfer.
13:27 of 1st period - Snap shot by Linus Omark.
13:27 of 1st period - Stopped by Richard Bachman without a rebound.
13:28 of 1st period - Stephane Da Costa wins face-off versus Peter Mueller in Sewer Rats zone.
13:53 of 1st period - D.J King is hit by Jared Boll and loses puck.
14:06 of 1st period - Icing by Jared Boll.
14:07 of 1st period - Stephane Da Costa wins face-off versus Vincent Trocheck in Sewer Rats zone.
14:10 of 1st period - Wrist shot by Jason Akeson.
14:10 of 1st period - Shot Misses the Net.
14:12 of 1st period - Slapshot by Jason Akeson.
14:12 of 1st period - Stopped by Richard Bachman without a rebound.
14:13 of 1st period - Stephane Da Costa wins face-off versus Peter Mueller in Sewer Rats zone.
14:49 of 1st period - Wrist shot by Nick Cousins.
14:49 of 1st period - Stopped by Corey Crawford without a rebound.
14:50 of 1st period - Stephane Da Costa wins face-off versus Derek Dorsett in Sasquatch zone.
14:57 of 1st period - Snap shot by Jason Akeson.
14:57 of 1st period - Stopped by Richard Bachman with a rebound.
14:59 of 1st period - Snap shot by Danny DeKeiser.
14:59 of 1st period - Shot Blocked by Kyle Quincey.
15:01 of 1st period - Snap shot by Stephane Da Costa.
15:01 of 1st period - Deflect By Linus Omark.
15:01 of 1st period - Stopped by Richard Bachman with a rebound.
15:03 of 1st period - Slapshot by Danny DeKeiser.
15:03 of 1st period - Deflect By Stephane Da Costa.
15:03 of 1st period - Stopped by Richard Bachman with a rebound.
15:05 of 1st period - Slapshot by Yann Sauvé.
15:05 of 1st period - Stopped by Richard Bachman without a rebound.
15:06 of 1st period - Lars Eller wins face-off versus Vincent Trocheck in Sewer Rats zone.
15:19 of 1st period - Slapshot by Lars Eller.
15:19 of 1st period - Stopped by Richard Bachman with a rebound.
15:35 of 1st period - Snap shot by Drew Shore.
15:35 of 1st period - Stopped by Richard Bachman with a rebound.
15:37 of 1st period - Snap shot by Drew Shore.
15:37 of 1st period - Goal by Drew Shore - Sewer Rats : 1 - Sasquatch : 1.
15:38 of 1st period - Lars Eller wins face-off versus Peter Mueller in neutral zone.
15:44 of 1st period - Snap shot by Lars Eller.
15:44 of 1st period - Shot Misses the Net.
15:46 of 1st period - Wrist shot by Lars Eller.
15:46 of 1st period - Shot Blocked by Zach Boychuk.
15:48 of 1st period - Slapshot by D.J King.
15:48 of 1st period - Shot Blocked by Mattias Ekholm.
15:50 of 1st period - Wrist shot by D.J King.
15:50 of 1st period - Shot Misses the Net.
15:52 of 1st period - Wrist shot by D.J King.
15:52 of 1st period - Shot Misses the Net.
15:54 of 1st period - Slapshot by D.J King.
15:54 of 1st period - Goal by D.J King - Sewer Rats : 1 - Sasquatch : 2.
15:55 of 1st period - Stephane Da Costa wins face-off versus William Karlsson in neutral zone.
16:28 of 1st period - Snap shot by Lars Eller.
16:28 of 1st period - Shot Hit the Post.
16:30 of 1st period - Snap shot by Kris Russell.
16:30 of 1st period - Shot Blocked by Vincent Trocheck.
16:32 of 1st period - Slapshot by Kris Russell.
16:32 of 1st period - Shot Blocked by Steven Kampfer.
16:34 of 1st period - Wrist shot by D.J King.
16:34 of 1st period - Shot Blocked by Ville Leino.
17:53 of 1st period - Ville Leino is hit by D.J King and loses puck.
18:12 of 1st period - Kris Russell is hit by Zach Boychuk and loses puck.
18:21 of 1st period - Snap shot by Mark Mancari.
18:21 of 1st period - Shot Misses the Net.
18:23 of 1st period - Snap shot by Mark Mancari.
18:23 of 1st period - Stopped by Corey Crawford without a rebound.
18:24 of 1st period - Stephane Da Costa wins face-off versus Dmitrij Jaskin in Sasquatch zone.
18:37 of 1st period - Wrist shot by Nick Cousins.
18:37 of 1st period - Stopped by Corey Crawford with a rebound.
18:49 of 1st period - Mark Mancari is hit by Jonathan Blum and loses puck.
18:58 of 1st period - Snap shot by Peter Mueller.
18:58 of 1st period - Shot Blocked by Jonathan Blum.
19:00 of 1st period - Wrist shot by Mark Mancari.
19:00 of 1st period - Shot Blocked by Jonathan Blum.
19:02 of 1st period - Wrist shot by Zach Boychuk.
19:02 of 1st period - Shot Misses the Net.
19:14 of 1st period - Wrist shot by D.J King.
19:14 of 1st period - Stopped by Richard Bachman without a rebound.
19:15 of 1st period - Lars Eller wins face-off versus Vincent Trocheck in Sewer Rats zone.
19:18 of 1st period - Wrist shot by Lars Eller.
19:18 of 1st period - Deflect By Ville Leino.
19:18 of 1st period - Stopped by Richard Bachman without a rebound.
19:19 of 1st period - Stephane Da Costa wins face-off versus Peter Mueller in Sewer Rats zone.
19:50 of 1st period - Slapshot by Ville Leino.
19:50 of 1st period - Stopped by Corey Crawford with a rebound.
Goals for this period are 1 for Sewer Rats vs 2 for Sasquatch.
Shots for this period are 20 for Sewer Rats vs 16 for Sasquatch.
2nd period
0:01 of 2nd period - Peter Mueller wins face-off versus Stephane Da Costa in neutral zone.
0:12 of 2nd period - Wrist shot by Peter Mueller.
0:12 of 2nd period - Stopped by Corey Crawford without a rebound.
0:13 of 2nd period - Stephane Da Costa wins face-off versus William Karlsson in Sasquatch zone.
0:41 of 2nd period - Double Minor Penalty to Matt Lashoff for Roughing.
0:42 of 2nd period - Ville Leino wins face-off versus Lars Eller in Sewer Rats zone.
1:54 of 2nd period - Zach Boychuk is hit by Jonathan Blum.
4:18 of 2nd period - Steven Kampfer is hit by Tyler Randell and loses puck.
4:41 of 2nd period - Penalty to Matt Lashoff is over, Matt Lashoff is back on ice.
5:38 of 2nd period - Slava Voynov is hit by Dmitrij Jaskin and loses puck.
7:11 of 2nd period - Snap shot by Dmitrij Jaskin.
7:11 of 2nd period - Shot Misses the Net.
7:47 of 2nd period - Patrick Bordeleau is hit by Jonathan Blum and loses puck.
7:56 of 2nd period - Ryan Strome is hit by Derek Dorsett and loses puck.
8:13 of 2nd period - D.J King is hit by Vincent Trocheck and loses puck.
8:20 of 2nd period - D.J King is hit by Ville Leino and loses puck.
8:30 of 2nd period - Off-side.
8:31 of 2nd period - Peter Mueller wins face-off versus Stephane Da Costa in neutral zone.
9:22 of 2nd period - Slapshot by Brock Trotter.
9:22 of 2nd period - Shot Misses the Net.
10:37 of 2nd period - Snap shot by Steven Kampfer.
10:37 of 2nd period - Deflect By Tyler Randell.
10:37 of 2nd period - Stopped by Corey Crawford with a rebound.
11:27 of 2nd period - Snap shot by D.J King.
11:27 of 2nd period - Stopped by Richard Bachman without a rebound.
11:28 of 2nd period - Vincent Trocheck wins face-off versus Lars Eller in Sewer Rats zone.
11:33 of 2nd period - Slapshot by Ville Leino.
11:33 of 2nd period - Stopped by Corey Crawford without a rebound.
11:34 of 2nd period - Peter Mueller wins face-off versus Stephane Da Costa in Sasquatch zone.
11:48 of 2nd period - Icing by Jarred Tinordi.
11:49 of 2nd period - Lars Eller wins face-off versus Peter Mueller in Sewer Rats zone.
11:58 of 2nd period - Snap shot by Lars Eller.
11:58 of 2nd period - Shot Misses the Net.
12:00 of 2nd period - Wrist shot by Jonathan Blum.
12:00 of 2nd period - Deflect By Peter Mueller.
12:00 of 2nd period - Stopped by Richard Bachman without a rebound.
12:01 of 2nd period - Stephane Da Costa wins face-off versus Peter Mueller in Sewer Rats zone.
12:07 of 2nd period - Minor Penalty to Mark Mancari for Hooking.
12:08 of 2nd period - Ville Leino wins face-off versus Lars Eller in Sewer Rats zone.
12:34 of 2nd period - Ryan Strome is hit by Ville Leino and loses puck.
14:07 of 2nd period - Penalty to Mark Mancari is over, Mark Mancari is back on ice.
14:22 of 2nd period - Wrist shot by Derek Dorsett.
14:22 of 2nd period - Shot Misses the Net.
14:24 of 2nd period - Snap shot by Derek Dorsett.
14:24 of 2nd period - Shot Misses the Net.
14:26 of 2nd period - Backhand shot by William Karlsson.
14:26 of 2nd period - Stopped by Corey Crawford with a rebound.
14:28 of 2nd period - Snap shot by Derek Dorsett.
14:28 of 2nd period - Deflect By William Karlsson.
14:28 of 2nd period - Stopped by Corey Crawford with a rebound.
14:38 of 2nd period - Snap shot by D.J King.
14:38 of 2nd period - Shot Blocked by John Ramage.
15:18 of 2nd period - Kris Russell is hit by Joel Edmundson and loses puck.
16:36 of 2nd period - Derek Dorsett is hit by Ryan Strome and loses puck.
16:51 of 2nd period - Daniel Carr is hit by Linus Omark.
17:24 of 2nd period - Icing by Peter Mueller.
17:25 of 2nd period - Lars Eller wins face-off versus Peter Mueller in Sewer Rats zone.
17:47 of 2nd period - Patrick Bordeleau is hit by Jonathan Blum and loses puck.
17:56 of 2nd period - Steven Kampfer is hit by Yann Sauvé and loses puck.
18:11 of 2nd period - Slapshot by Kyle Quincey.
18:11 of 2nd period - Deflect By Jared Boll.
18:11 of 2nd period - Stopped by Corey Crawford without a rebound.
18:12 of 2nd period - Lars Eller wins face-off versus Vincent Trocheck in Sasquatch zone.
18:25 of 2nd period - Wrist shot by D.J King.
18:25 of 2nd period - Shot Blocked by Mattias Ekholm.
18:31 of 2nd period - Michal Jordan is hit by Jared Boll and loses puck.
18:45 of 2nd period - Off-side.
18:46 of 2nd period - Peter Mueller wins face-off versus Stephane Da Costa in neutral zone.
18:55 of 2nd period - Snap shot by Linus Omark.
18:55 of 2nd period - Stopped by Richard Bachman without a rebound.
18:56 of 2nd period - Stephane Da Costa wins face-off versus Zach Boychuk in Sewer Rats zone.
19:09 of 2nd period - Slapshot by Matt Lashoff.
19:09 of 2nd period - Shot Misses the Net.
19:11 of 2nd period - Snap shot by Peter Mueller.
19:11 of 2nd period - Shot Misses the Net.
19:13 of 2nd period - Wrist shot by Matt Lashoff.
19:13 of 2nd period - Goal by Matt Lashoff - Sewer Rats : 2 - Sasquatch : 2.
19:14 of 2nd period - Stephane Da Costa wins face-off versus Peter Mueller in neutral zone.
19:40 of 2nd period - Matt Lashoff is hit by Jonathan Blum.
19:44 of 2nd period - Wrist shot by Vincent Trocheck.
19:44 of 2nd period - Stopped by Corey Crawford with a rebound.
19:46 of 2nd period - Backhand shot by Mattias Ekholm.
19:46 of 2nd period - Shot Blocked by Kris Russell.
19:48 of 2nd period - Slapshot by Matt Lashoff.
19:48 of 2nd period - Deflect By Lars Eller.
19:48 of 2nd period - Stopped by Corey Crawford with a rebound.
19:50 of 2nd period - Slapshot by Mattias Ekholm.
19:50 of 2nd period - Stopped by Corey Crawford without a rebound.
19:51 of 2nd period - Peter Mueller wins face-off versus Drew Shore in Sasquatch zone.
19:56 of 2nd period - Wrist shot by Zach Boychuk.
19:56 of 2nd period - Stopped by Corey Crawford with a rebound.
Goals for this period are 1 for Sewer Rats vs 0 for Sasquatch.
Shots for this period are 11 for Sewer Rats vs 3 for Sasquatch.
3rd period
0:01 of 3rd period - Stephane Da Costa wins face-off versus Peter Mueller in neutral zone.
0:08 of 3rd period - Snap shot by Linus Omark.
0:08 of 3rd period - Shot Misses the Net.
0:16 of 3rd period - Snap shot by Stephane Da Costa.
0:16 of 3rd period - Shot Misses the Net.
0:37 of 3rd period - Wrist shot by Jared Boll.
0:37 of 3rd period - Stopped by Corey Crawford without a rebound.
0:38 of 3rd period - Stephane Da Costa wins face-off versus William Karlsson in Sasquatch zone.
0:54 of 3rd period - Snap shot by Stephane Da Costa.
0:54 of 3rd period - Shot Misses the Net.
1:00 of 3rd period - Minor Penalty to Derek Dorsett for Hooking.
1:01 of 3rd period - Lars Eller wins face-off versus Ville Leino in Sewer Rats zone.
1:02 of 3rd period - Snap shot by Linus Omark.
1:02 of 3rd period - Shot Blocked by Matt Lashoff.
1:04 of 3rd period - Snap shot by Jason Akeson.
1:04 of 3rd period - Deflect By Lars Eller.
1:04 of 3rd period - Shot Misses the Net.
1:04 of 3rd period - Puck is out of play.
1:05 of 3rd period - Ville Leino wins face-off versus Lars Eller in Sewer Rats zone.
3:00 of 3rd period - Penalty to Derek Dorsett is over, Derek Dorsett is back on ice.
3:07 of 3rd period - Brock Trotter is hit by Derek Dorsett and loses puck.
3:11 of 3rd period - Icing by Kris Russell.
3:12 of 3rd period - Sergey Kalinin wins face-off versus William Karlsson in Sasquatch zone.
3:12 of 3rd period - Sergey Kalinin is hit by Steven Kampfer.
3:21 of 3rd period - Off-side.
3:22 of 3rd period - Patrick Bordeleau wins face-off versus Lars Eller in neutral zone.
3:35 of 3rd period - Danny DeKeiser is hit by Derek Dorsett and loses puck.
3:53 of 3rd period - Minor Penalty to Patrick Bordeleau for Hooking.
3:54 of 3rd period - Lars Eller wins face-off versus Ville Leino in Sewer Rats zone.
4:29 of 3rd period - Snap shot by Jason Zucker.
4:29 of 3rd period - Deflect By Ryan Strome.
4:29 of 3rd period - Goal by Ryan Strome - Sewer Rats : 2 - Sasquatch : 3.
4:30 of 3rd period - Stephane Da Costa wins face-off versus Peter Mueller in neutral zone.
5:16 of 3rd period - Steven Kampfer is hit by Jonathan Blum and loses puck.
5:39 of 3rd period - Steven Kampfer is hit by Garnet Hathaway and loses puck.
5:58 of 3rd period - Snap shot by Linus Omark.
5:58 of 3rd period - Stopped by Richard Bachman with a rebound.
6:08 of 3rd period - Kris Russell is hit by Zach Boychuk and loses puck.
6:19 of 3rd period - Wrist shot by Ville Leino.
6:19 of 3rd period - Shot Misses the Net.
7:41 of 3rd period - Wrist shot by Peter Mueller.
7:41 of 3rd period - Stopped by Corey Crawford without a rebound.
7:42 of 3rd period - Peter Mueller wins face-off versus Lars Eller in Sasquatch zone.
7:43 of 3rd period - Wrist shot by Zach Boychuk.
7:43 of 3rd period - Stopped by Corey Crawford without a rebound.
7:44 of 3rd period - Lars Eller wins face-off versus Peter Mueller in Sasquatch zone.
7:44 of 3rd period - Lars Eller is hit by Mattias Ekholm.
8:11 of 3rd period - Minor Penalty to Jonathan Blum for Slashing.
8:12 of 3rd period - Drew Shore wins face-off versus Mark Mancari in Sasquatch zone.
8:35 of 3rd period - Matt Lashoff is hit by D.J King and loses puck.
8:52 of 3rd period - Snap shot by Linus Omark.
8:52 of 3rd period - Shot Misses the Net.
9:18 of 3rd period - Kris Russell is hit by Vincent Trocheck and loses puck.
10:11 of 3rd period - Penalty to Jonathan Blum is over, Jonathan Blum is back on ice.
10:46 of 3rd period - Slapshot by Danny DeKeiser.
10:46 of 3rd period - Stopped by Richard Bachman without a rebound.
10:47 of 3rd period - Nick Cousins wins face-off versus Stephane Da Costa in Sewer Rats zone.
11:51 of 3rd period - Snap shot by Nick Cousins.
11:51 of 3rd period - Stopped by Corey Crawford without a rebound.
11:52 of 3rd period - Stephane Da Costa wins face-off versus Peter Mueller in Sasquatch zone.
13:18 of 3rd period - Slapshot by Ville Leino.
13:18 of 3rd period - Shot Blocked by Yann Sauvé.
13:20 of 3rd period - Wrist shot by Joel Edmundson.
13:20 of 3rd period - Shot Misses the Net.
13:22 of 3rd period - Wrist shot by Jared Boll.
13:22 of 3rd period - Shot Blocked by Danny DeKeiser.
13:38 of 3rd period - Snap shot by Garnet Hathaway.
13:38 of 3rd period - Stopped by Richard Bachman without a rebound.
13:39 of 3rd period - Sergey Kalinin wins face-off versus Zach Boychuk in Sewer Rats zone.
13:40 of 3rd period - Snap shot by Jonathan Blum.
13:40 of 3rd period - Stopped by Richard Bachman with a rebound.
13:46 of 3rd period - Snap shot by Jonathan Blum.
13:46 of 3rd period - Stopped by Richard Bachman with a rebound.
13:48 of 3rd period - Snap shot by Jason Zucker.
13:48 of 3rd period - Stopped by Richard Bachman without a rebound.
13:49 of 3rd period - Stephane Da Costa wins face-off versus Peter Mueller in Sewer Rats zone.
13:56 of 3rd period - Snap shot by Stephane Da Costa.
13:56 of 3rd period - Stopped by Richard Bachman without a rebound.
13:57 of 3rd period - Stephane Da Costa wins face-off versus Peter Mueller in Sewer Rats zone.
13:58 of 3rd period - Slapshot by Linus Omark.
13:58 of 3rd period - Stopped by Richard Bachman with a rebound.
14:55 of 3rd period - Derek Dorsett is hit by Jonathan Blum and loses puck.
15:12 of 3rd period - Snap shot by Brock Trotter.
15:12 of 3rd period - Shot Blocked by Jarred Tinordi.
15:33 of 3rd period - Snap shot by Jason Akeson.
15:33 of 3rd period - Deflect By Zach Boychuk.
15:33 of 3rd period - Stopped by Richard Bachman without a rebound.
15:34 of 3rd period - Stephane Da Costa wins face-off versus Peter Mueller in Sewer Rats zone.
15:47 of 3rd period - Slapshot by Zach Boychuk.
15:47 of 3rd period - Goal by Zach Boychuk - Sewer Rats : 3 - Sasquatch : 3.
15:48 of 3rd period - Drew Shore wins face-off versus Peter Mueller in neutral zone.
15:48 of 3rd period - Drew Shore is hit by Zach Boychuk.
15:58 of 3rd period - Snap shot by Drew Shore.
15:58 of 3rd period - Stopped by Richard Bachman with a rebound.
16:00 of 3rd period - Snap shot by Brock Trotter.
16:00 of 3rd period - Goal by Brock Trotter - Sewer Rats : 3 - Sasquatch : 4.
16:01 of 3rd period - William Karlsson wins face-off versus Drew Shore in neutral zone.
16:08 of 3rd period - Snap shot by Patrick Bordeleau.
16:08 of 3rd period - Stopped by Corey Crawford with a rebound.
16:28 of 3rd period - Matt Lashoff is hit by Jason Akeson and loses puck.
16:33 of 3rd period - Slapshot by Jason Akeson.
16:33 of 3rd period - Shot Blocked by Mark Mancari.
16:35 of 3rd period - Slapshot by Linus Omark.
16:35 of 3rd period - Shot Blocked by Zach Boychuk.
16:37 of 3rd period - Snap shot by Danny DeKeiser.
16:37 of 3rd period - Stopped by Richard Bachman with a rebound.
16:39 of 3rd period - Slapshot by Danny DeKeiser.
16:39 of 3rd period - Stopped by Richard Bachman with a rebound.
17:15 of 3rd period - Kyle Quincey is hit by Sergey Kalinin and loses puck.
17:38 of 3rd period - Wrist shot by Drew Shore.
17:38 of 3rd period - Shot Misses the Net.
18:17 of 3rd period - Wrist shot by Mark Mancari.
18:17 of 3rd period - Deflect By Zach Boychuk.
18:17 of 3rd period - Shot Misses the Net.
18:17 of 3rd period - Puck is out of play.
18:18 of 3rd period - Tyler Randell wins face-off versus Peter Mueller in Sasquatch zone.
18:43 of 3rd period - Kyle Quincey is hit by Michal Jordan and loses puck.
19:26 of 3rd period - Slapshot by Drew Shore.
19:26 of 3rd period - Deflect By D.J King.
19:26 of 3rd period - Stopped by Richard Bachman with a rebound.
19:28 of 3rd period - Wrist shot by Linus Omark.
19:28 of 3rd period - Shot Misses the Net.
19:30 of 3rd period - Snap shot by Danny DeKeiser.
19:30 of 3rd period - Shot Misses the Net.
19:32 of 3rd period - Slapshot by Jonathan Blum.
19:32 of 3rd period - Stopped by Richard Bachman with a rebound.
19:34 of 3rd period - Wrist shot by Jonathan Blum.
19:34 of 3rd period - Shot Misses the Net.
19:36 of 3rd period - Wrist shot by Drew Shore.
19:36 of 3rd period - Shot Misses the Net.
19:42 of 3rd period - Wrist shot by Linus Omark.
19:42 of 3rd period - Stopped by Richard Bachman with a rebound.
19:44 of 3rd period - Wrist shot by Drew Shore.
19:44 of 3rd period - Stopped by Richard Bachman with a rebound.
19:46 of 3rd period - Snap shot by D.J King.
19:46 of 3rd period - Stopped by Richard Bachman with a rebound.
19:48 of 3rd period - Slapshot by Linus Omark.
19:48 of 3rd period - Stopped by Richard Bachman with a rebound.
19:52 of 3rd period - Snap shot by Linus Omark.
19:52 of 3rd period - Deflect By D.J King.
19:52 of 3rd period - Shot Blocked by Matt Lashoff.
19:52 of 3rd period - Puck is out of play.
19:53 of 3rd period - Brent Sutter call a timeout for Sewer Rats.
19:53 of 3rd period - Peter Mueller wins face-off versus Drew Shore in Sewer Rats zone.
19:53 of 3rd period - Peter Mueller is hit by Linus Omark.
19:59 of 3rd period - Sewer Rats, Richard Bachman is pulled from the net.
Goals for this period are 1 for Sewer Rats vs 2 for Sasquatch.
Shots for this period are 6 for Sewer Rats vs 20 for Sasquatch.
Back to the Top